 Dungeon Crawl Stone Soup version 0.31-a0-1-g4198be8af4 (webtiles) character file.

Game seed: 12540554513516157451

2640 avis the Trooper (level 9, -10/75 HPs)
             Began as a Demigod Transmuter on Apr 30, 2023.
             Mangled by a hornet (15 damage)
             ... on level 7 of the Dungeon on May 2, 2023.
             The game lasted 00:55:53 (7348 turns).

avis the Trooper (Demigod Transmuter)               Turns: 7348, Time: 00:55:54

Health: -10/75     AC:  6    Str: 17    XL:     9   Next: 13%
Magic:  16/18      EV: 16    Int: 15    God:
Gold:   264        SH:  0    Dex: 26    Spells: 6/16 levels left

rFire   + . .        b - +0 sling
rCold   . . .        (no shield)
rNeg    . . .        j - +0 robe
rPois   .            l - +0 helmet
rElec   .            p - +0 cloak
rCorr   .            k - +0 pair of gloves
SInv    .            x - +0 pair of boots
Will    .....        (no amulet)
Stlth   +++          v - ring of protection from fire
HPRegen 0.32/turn    C - +6 ring of strength
MPRegen 0.16/turn

%: no passive effects
@: no status effects
A: high MP 1, forlorn, divine attributes, no potion heal 1
a: no special abilities


You were on level 7 of the Dungeon.
You visited 2 branches of the dungeon, and saw 8 of its levels.

You collected 264 gold pieces.

Inventory:

Hand Weapons
 a - a +3 dagger
 b - a +0 sling (weapon)
 w - a +1 flail of protection
 J - a +0 shortbow
 K - a +0 short sword of electrocution
 N - a +1 trident of freezing
Missiles
 d - 5 curare-tipped darts
 m - 6 poisoned darts
 y - 5 silver javelins
Armour
 j - a +0 robe (worn)
 k - a +0 pair of gloves (worn)
 l - a +0 helmet (worn)
 p - a +0 cloak (worn)
 x - a +0 pair of boots (worn)
Jewellery
 v - a ring of protection from fire (left hand)
 C - a +6 ring of strength (right hand)
 L - a ring of ice
Wands
 D - a wand of charming (9)
 H - a wand of flame (14)
Scrolls
 e - a scroll of enchant armour {unknown}
 f - 2 scrolls of immolation
 g - a scroll of amnesia {unknown}
 n - a scroll of fog {unknown}
 o - a scroll of teleportation {unknown}
 q - 2 scrolls of magic mapping {unknown}
 r - 2 scrolls of fear {unknown}
 u - a scroll of poison {unknown}
 A - 2 scrolls of identify
 F - 2 scrolls of noise {unknown}
Potions
 c - 2 potions of brilliance
 h - 2 potions of might
 i - 4 potions of curing
 s - a potion of berserk rage {unknown}
 t - 2 potions of magic
 z - a potion of ambrosia {unknown}
 B - a potion of resistance {unknown}
 E - a potion of attraction {unknown}
 G - a potion of mutation {unknown}
 I - a potion of flight {unknown}
 M - 2 potions of haste {unknown}


   Skills:
 * Level 5.8 Fighting
 - Level 2.0 Ranged Weapons
 - Level 5.0 Dodging
 - Level 3.0 Stealth
 - Level 5.0 Unarmed Combat
 - Level 4.0 Spellcasting
 - Level 4.0 Transmutations
 - Level 4.0 Ice Magic
 - Level 1.0 Poison Magic


You had 6 spell levels left.
You knew the following spells:

 Your Spells              Type           Power      Damage    Failure   Level
a - Beastly Appendage     Tmut           30%        N/A       3%          1
e - Wereblood             Tmut           15%        N/A       5%          2
p - Spider Form           Tmut/Pois      10%        N/A       19%         3
q - Ice Form              Ice/Tmut       15%        N/A       34%         4

Your spell library contained the following spells:

 Spells                   Type           Power      Damage    Failure   Level
 Foxfire                  Conj/Fire      12%        2x1d4     19%         1
 Call Canine Familiar     Summ           3%         N/A       47%         3
 Portal Projectile        Hex/Tloc       6%         N/A       47%         3
 Leda's Liquefaction      Hex/Erth       1%         N/A       87%         4
 Fireball                 Conj/Fire      1%         3d3       99%         5
 Iskenderun's Battlesphe  Conj           3%         2d6       99%         5
 Conjure Ball Lightning   Conj/Air       1%         3x3d6     100%        6
 Plasma Beam              Fire/Air       1%         2x1d12    100%        6
 Starburst                Conj/Fire      1%         6d3       100%        6
 Orb of Destruction       Conj           1%         9d5       100%        7


Dungeon Overview and Level Annotations

Branches:
Dungeon (7/15)             Temple (1/1) D:4

Annotations:
D:3 1 transporter
D:4 2 transporters
D:7 Pikel
Temple 2 transporters


Innate Abilities, Weirdness & Mutations

You have an increased reservoir of magic. (+10% MP)
You shall have no god before yourself.
Your divine heritage dramatically boosts your attributes as you level up.
Potions are less effective at restoring your health.


Message History

Your base attributes are Str 11, Int 15, Dex 22.
Increase (S)trength, (I)ntelligence, or (D)exterity?
You feel agile. x4
Maggie is engulfed in blazing flames.
Flame seeps out of Maggie.
You hit Maggie.
Flame seeps out of Maggie.
Maggie is almost dead.
Maggie is engulfed in blazing flames.
Maggie explodes!
The fiery explosion engulfs you!! You resist.
* * * LOW HITPOINT WARNING * * *
You hear an angry buzzing noise.
You hear a shout! x2
Pikel, Merchant of Souls comes into view.
He is wielding a +0 whip of flaming.
Your transformation has ended.
Your +0 sling unmelds from your body.
Your +0 cloak unmelds from your body.
Your +0 helmet unmelds from your body.
Your +0 pair of gloves unmelds from your body.
Your +0 pair of boots unmelds from your body.
Your +0 robe unmelds from your body.
Pikel shouts!
Your system partially rejects the healing.
You feel better.
The hornet is engulfed in blazing flames.
A gnoll comes into view. It is wielding a +0 club.
Found a masterwork war axe.
A lemure comes into view.
A lemure comes into view.
Your attacks no longer feel as feeble.
The lemure shouts!
The lemure moves out of view. 2 lemures come into view.
The lemure moves out of view.
Found a chain mail.
The lemure barely misses you. The lemure attacks as you move away!
The lemure hits you.
* * * LOW HITPOINT WARNING * * *
Found 13 gold pieces.
The lemure attacks as you move away! The lemure misses you.
Found a stone staircase leading down.
There is a stone staircase leading up here.
The hornet stings you!
You die...

#.#.##..........g.#
#...#.............#
#........g.....#.##
#........#.#####..:
#...)....#...).....
#....5...g.#####.##
#.#..K..##.# #.....
#.#y.5...#.# #)....
#.@55........#@....
#...............y..
.............#.......
..[##..........##......
... #.##...............
## #. ##........#.....
.. ...$.......#.. ##.
>....?....##.. .....#..
..


You could see Pikel, a hornet, 4 lemures, a gnoll bouda (inner flame) and a
gnoll.

Vanquished Creatures
  Maggie (D:7)
  Grinder (D:4)
  A steam dragon (D:7)
  A water moccasin (D:7)
  2 orc warriors (D:6)
  An ice beast (D:6)
  2 ogres
  A centaur (D:6)
  Blork the orc (D:4)
  2 bullfrogs (D:6)
  3 necrophages (D:4)
  4 scorpions
  3 howler monkeys
  4 hounds
  An orc priest (D:5)
  A jelly (D:6)
  Terence (D:2)
  6 iguanas
  A scorpion zombie (D:3)
  A sleepcap (D:6)
  3 orc wizards (D:6)
  A hound zombie (D:4)
  A howler monkey zombie (D:4)
  Robin (D:2)
  9 adders
  An ufetubus (D:3)
  An adder zombie (D:4)
  5 dart slugs
  12 orcs
  5 bats
  5 endoplasms
  2 giant cockroaches
  10 goblins
  17 hobgoblins
  2 jackals (D:3)
  2 quokkas
  5 ball pythons
  2 frilled lizards (D:1)
  A giant cockroach zombie (D:3)
  7 kobolds
  6 rats
136 creatures vanquished.

Vanquished Creatures (others)
  A bush (D:4)
  15 plants
  11 withered plants (D:1)
27 creatures vanquished.

Grand Total: 163 creatures vanquished

Notes
Turn   | Place    | Note
-------+----------+-------------------------------------------
     0 | D:1      | avis the Demigod Transmuter began the quest for the Orb.
     0 | D:1      | Reached XP level 1. HP: 15/15 MP: 5/5
   100 | D:1      | Reached skill level 1 in Fighting
   286 | D:1      | Reached XP level 2. HP: 22/23 MP: 5/7
   289 | D:1      | Learned a level 2 spell: Wereblood
   464 | D:1      | Reached skill level 1 in Poison Magic
  1080 | D:2      | Noticed Terence
  1215 | D:2      | Noticed Robin
  1322 | D:2      | Reached XP level 3. HP: 28/28 MP: 8/8
  1338 | D:2      | Killed Robin
  1373 | D:1      | Learned a level 3 spell: Spider Form
  1590 | D:2      | Killed Terence
  1591 | D:2      | Reached XP level 4. HP: 17/36 MP: 3/9
  2966 | D:3      | Found a transporter.
  2966 | D:3      | Noticed an orc warrior
  3247 | D:3      | Reached XP level 5. HP: 39/41 MP: 12/12
  3307 | D:4      | Noticed Blork the orc
  3362 | D:4      | Killed Blork the orc
  3378 | D:4      | Found a transporter.
  3568 | D:4      | Reached XP level 6. HP: 51/51 MP: 9/13
  3620 | D:4      | Found a transporter.
  3778 | D:4      | Noticed Grinder
  3785 | D:4      | Paralysed by Grinder for 4 turns
  3800 | D:4      | Paralysed by Grinder for 3 turns
  3805 | D:4      | Killed Grinder
  4005 | D:4      | Found a staircase to the Ecumenical Temple.
  4161 | D:4      | Reached XP level 7. HP: 58/58 MP: 14/14
  4167 | D:4      | Reached skill level 1 in Stealth
  4202 | D:4      | Reached skill level 1 in Ranged Weapons
  4598 | Temple   | Entered the Ecumenical Temple
  4598 | Temple   | Found a transporter.
  4598 | Temple   | Found a transporter.
  4622 | D:5      | Entered Level 5 of the Dungeon
  4832 | D:4      | Learned a level 4 spell: Ice Form
  4979 | D:5      | Gained mutation: Potions are less effective at restoring
                  | your health. [mutagenic glow]
  5948 | D:6      | Reached XP level 8. HP: 57/67 MP: 12/15
  6038 | D:6      | Reached skill level 5 in Fighting
  6038 | D:6      | Reached skill level 5 in Dodging
  6038 | D:6      | Reached skill level 5 in Unarmed Combat
  6158 | D:6      | Reached skill level 1 in Ice Magic
  7185 | D:7      | Noticed a troll
  7312 | D:7      | Noticed Maggie
  7325 | D:7      | Noticed a hornet
  7335 | D:7      | Reached XP level 9. HP: 25/74 MP: 14/18
  7336 | D:7      | Killed Maggie
  7336 | D:7      | HP: 1/74 [spore (24)]
  7337 | D:7      | Noticed Pikel
  7348 | D:7      | Mangled by a hornet

Illustrated notes

Levels and vault maps discovered:
D:1:      dpeg_arrival_fog, layout_loops_cross,
          shapermc_ecumenical_altar_flowoftime, minivault_19,
          hangedman_abyss_or_decor_stabs
D:2:      minmay_general_purpose_star, layout_loops_ring, uniq_robin,
          uniq_terence
D:3:      layout_rooms, grunt_nemelex_the_gamble,
          lemuel_zombie_altar_yredelemnul, minmay_misc_feat_rugged
D:4:      gammafunk_steamed_eel, layout_basic, lemuel_round_altar,
          fedhas_altar_decomposition, gammafunk_temple_overflow_elements,
          minmay_temple_entry_drinking_statues, uniq_grinder, uniq_blork_the_orc
D:5:      layout_basic
D:6:      layout_rooms, minmay_misc_feat_enclosed
D:7:      layout_rooms, kennysheep_mini_moat, serial_glass, glass_columns_b,
          glass_columns_c, uniq_maggie, uniq_pikel, uniq_joseph
Temple:   hellmonk_temple_divided_pantheon

Skill      XL: |  1  2  3  4  5  6  7  8 |
---------------+-------------------------+-----
Fighting       | 1 2 3 4 5 |  5.8
Unarmed Combat | 3 4 5 |  5.0
Dodging        | 2 3 4 5 |  5.0
Spellcasting   | 2 3 4 |  4.0
Transmutations | 2 3 4 |  4.0
Poison Magic   | 1 |  1.0
Stealth        | 2 3 |  3.0
Ranged Weapons | 2 |  2.0
Ice Magic      | 4 |  4.0

Action                     |  1- 3 |  4- 6 |  7- 9 || total
---------------------------+-------+-------+-------++-------
  Melee: Unarmed           |    47 |    50 |   161 ||   258
         Kick              |    13 |    13 |     5 ||    31
         Headbutt          |     9 |     8 |     1 ||    18
         Punch             |     2 |     2 |     4 ||     8
         Hand axe          |    33 |    27 |       ||    60
         Dagger            |       |    26 |    50 ||    76
   Fire: Sling             |    20 |    54 |    53 ||   127
  Throw: Boomerang         |     3 |       |       ||     3
   Cast: Beastly Appendage |    28 |    10 |       ||    38
         Spider Form       |     2 |    15 |    28 ||    45
Ability: End Transformatio |       |     3 |     3 ||     6
    Use: Potion            |       |     1 |     2 ||     3
         Scroll            |       |       |     6 ||     6
   Stab: Sleeping          |     1 |     1 |     2 ||     4
 Armour: Robe              |    15 |    17 |    14 ||    46
         Skin              |     1 |    11 |    31 ||    43
  Dodge: Dodged            |    50 |    64 |   185 ||   299

Table legend: (Time is in decaauts)
 A = Elapsed time spent in this place.
 B = Non-inter-level travel time spent in this place.
 C = Inter-level travel time spent in this place.
 D = Time resting spent in this place.
 E = Time spent auto-exploring this place.
 F = Levels seen in this place.
 G = Mean time per level.
                   A        B        C        D        E       F      G
               +--------+--------+--------+--------+--------+-----+--------+
         Total |   7380 |   6604 |    776 |   1545 |   2657 |   8 |  922.5 |
       Dungeon |   7367 |   6591 |    776 |   1545 |   2657 |   7 | 1052.4 |
        Temple |     12 |     12 |      0 |      0 |      0 |   1 |   12.0 |
               +--------+--------+--------+--------+--------+-----+--------+

Top non-repeatable levels by time:
     D:4: 1401 daAuts
     D:1: 1328 daAuts
     D:5: 1274 daAuts
     D:2: 1197 daAuts
     D:6: 1166 daAuts
     D:3: 958 daAuts
     D:7: 39 daAuts
  Temple: 12 daAuts
